 Dungeon Crawl Stone Soup version 0.21.1-1-g345015fe64 (webtiles) character file.

2596 Jerry the Ruffian (level 9, -10/62 HPs)
             Began as an Octopode Fighter on Feb 28, 2018.
             Was an Initiate of Gozag.
             Mangled by a two-headed ogre
             ... wielding a +0 giant spiked club
              (17 damage)
             ... on level 7 of the Dungeon.
             The game lasted 00:20:02 (7698 turns).

Jerry the Ruffian (Octopode Fighter)                Turns: 7698, Time: 00:20:03

Health: -10/62     AC:  1    Str: 16    XL:     9   Next: 59%
Magic:  9/9        EV: 18    Int: 11    God:    Gozag
Gold:   391        SH: 13    Dex: 17    Spells: 7/8 levels left

rFire    . . .     SeeInvis .     - Unarmed
rCold    . . .     Gourm    .   a - +0 shield
rNeg     . . .     Faith    .   (helmet restricted)
rPois    .         Spirit   .   o - +3 amulet of reflection
rElec    .         Reflect  +   i - +2 ring of dexterity
rCorr    .         Harm     .   m - +2 ring of dexterity
MR       .....                  B - +3 ring of evasion
Stlth    ++++++....             D - ring of stealth
HPRegen  0.20/turn              (no ring)
MPRegen  0.11/turn              (no ring)
                                (no ring)
                                (no ring)

@: no status effects
A: almost no armour, stealthy swim, amphibious, 8 rings, constrict 8, camouflage
1, gelatinous body 1
a: Potion Petition, Call Merchant, Bribe Branch, Renounce Religion


You were on level 7 of the Dungeon.
You worshipped Gozag.
Gozag was aware of your devotion.
You were not hungry.

You visited 2 branches of the dungeon, and saw 9 of its levels.

You collected 532 gold pieces.
You paid 141 gold pieces to Gozag.

Inventory:

Hand Weapons
 j - a +0 blowgun
Missiles
 s - 29 poisoned needles
 u - 5 curare-tipped needles
Armour
 a - a +0 shield (worn)
Jewellery
 i - a +2 ring of dexterity (left tentacle)
 m - a +2 ring of dexterity (right tentacle)
 o - a +3 amulet of reflection (around mantle)
 B - a +3 ring of evasion (on tentacle)
 D - a ring of stealth (on tentacle)
 E - a cursed ring of teleportation {unknown}
Wands
 b - a wand of flame (32)
 C - a wand of iceblast (6)
Scrolls
 f - 6 scrolls of identify
 h - 2 scrolls of amnesia
 k - 2 scrolls of magic mapping
 l - 2 scrolls of teleportation
 r - a scroll of enchant weapon {unknown}
 v - a scroll of blinking
 y - 6 scrolls of remove curse
Potions
 d - a potion of flight {unknown}
 e - 2 potions of agility {unknown}
 g - a potion of invisibility {unknown}
 n - a potion of ambrosia {unknown}
 p - 2 potions of berserk rage {unknown}
 q - 4 potions of curing {unknown}
 w - 2 potions of heal wounds {unknown}
 x - 2 potions of lignification {unknown}
 z - 2 potions of cancellation {unknown}
 A - a potion of mutation {unknown}
Books
 t - a book of Misfortune

   Spells                             Type                      Level
   a - Confusing Touch                Hexes                        1
   b - Confuse                        Hexes                        3
   c - Gell's Gravitas                Translocation                3
   d - Petrify                        Transmutation/Earth          4
   e - Metabolic Englaciation         Hexes/Ice                    5
   f - Yara's Violent Unravelling     Hexes/Transmutation          5
Comestibles
 c - 18 rations


   Skills:
 + Level 5.9 Fighting
 + Level 5.9 Dodging
 + Level 6.9 Stealth
 + Level 6.0 Shields
 * Level 7.7 Unarmed Combat


You had 7 spell levels left.
You knew the following spells:

 Your Spells              Type           Power        Failure   Level  Hunger
a - Confusing Touch       Hex            #.....       75%         1    ##.....


Dungeon Overview and Level Annotations

Branches:
Dungeon (8/15)             Temple (1/1) D:7
   Lair: D:8-11

Altars:
Ashenzari
Cheibriados
Dithmenos
Elyvilon
Fedhas
Gozag
Hepliaklqana
Kikubaaqudgha
Makhleb
Nemelex Xobeh
Okawaru
Qazlal
Ru
Sif Muna
Trog
Uskayaw
Vehumet
Xom
Yredelemnul
Zin
The Shining One


Innate Abilities, Weirdness & Mutations

You cannot wear most types of armour.
You are very stealthy in the water. (Stealth+)
You are amphibious.
You can wear up to eight rings at the same time.
You can use your tentacles to constrict eight enemies at once.
Your skin changes colour to match your surroundings (Stealth+).
Your rubbery body absorbs attacks. (AC +1, EV +1)


Message History

You squeeze the two-headed ogre, but do no damage.
The two-headed ogre is heavily wounded.
You block the two-headed ogre's attack. The two-headed ogre closely misses you.
You bludgeon the two-headed ogre!
You squeeze the two-headed ogre, but do no damage.
The two-headed ogre is heavily wounded.
You block the two-headed ogre's attack. The two-headed ogre misses you.
You bludgeon the two-headed ogre!
Your tentacle-slap misses the two-headed ogre.
The two-headed ogre is severely wounded.
You tentacle-slap the two-headed ogre.
The two-headed ogre is almost dead.
You block the two-headed ogre's attack.
The two-headed ogre hits you with a giant spiked club!!
* * * LOW HITPOINT WARNING * * *
You tentacle-slap the two-headed ogre. You squeeze the two-headed ogre.
The two-headed ogre is almost dead.
The two-headed ogre hits you with a giant spiked club!
You die...
Your body crumbles into a pile of gold.

###########
#.........#
########.......(.#
#@O..z............
#.######.........#
#.# #.........#
#.# #.........#
#.# #.........#
#.# ###########
#.# ######
#.#########....###
#.....z..##.##....


You could see a two-headed ogre and a wight.

Vanquished Creatures
  Pikel (D:4)
  Grinder (D:3)
  Edmund (D:4)
  A sky beast (D:7)
  An ice beast (D:5)
  A slave (D:4)
  A phantom (D:7)
  2 ogres (D:7)
  Blork the orc (D:4)
  A big kobold (D:7)
  3 bullfrogs
  A gnoll sergeant (D:7)
  A wyvern zombie (D:7)
  2 scorpions
  A wight (D:7)
  A howler monkey (D:5)
  2 crimson imps
  3 hounds
  A bullfrog skeleton (D:5)
  A centaur skeleton (D:5)
  A jelly (D:7)
  An orc priest (D:5)
  An iguana (D:4)
  Terence (D:3)
  3 worker ants
  4 orc wizards
  6 adders
  10 gnolls
  A shadow imp (D:7)
  An ooze (D:5)
  An adder skeleton (D:5)
  4 worms
  3 dart slugs
  2 leopard geckos
  4 orcs
  A bat zombie (D:2)
  5 giant cockroaches
  4 goblins
  8 hobgoblins
  4 jackals (D:7)
  12 kobolds
  4 quokkas
  A ball python (D:3)
  7 bats
  7 frilled lizards
  A giant cockroach zombie (D:6)
  A jackal skeleton (D:6)
  6 rats
  A rat zombie (D:2)
132 creatures vanquished.

Notes
Turn   | Place    | Note
-------+----------+-------------------------------------------
     0 | D:1      | Jerry the Octopode Fighter began the quest for the Orb.
     0 | D:1      | Reached XP level 1. HP: 16/16 MP: 1/1
   256 | D:1      | Reached XP level 2. HP: 20/21 MP: 2/2
   983 | D:2      | Reached XP level 3. HP: 7/26 MP: 3/3
  1359 | D:2      | Found a radiant altar of Vehumet.
  1647 | D:2      | Reached skill level 3 in Unarmed Combat
  1647 | D:2      | Reached XP level 4. HP: 31/31 MP: 4/4
  1956 | D:2      | Reached skill level 1 in Stealth
  1967 | D:2      | Found an ancient bone altar of Kikubaaqudgha.
  2057 | D:3      | Noticed Grinder
  2067 | D:3      | Killed Grinder
  2067 | D:3      | Reached skill level 4 in Unarmed Combat
  2067 | D:3      | Reached XP level 5. HP: 11/37 MP: 5/5
  2067 | D:3      | Reached XP level 6. HP: 13/43 MP: 6/6
  2452 | D:3      | Learned a level 1 spell: Confusing Touch
  2697 | D:3      | Noticed Terence
  2703 | D:3      | Killed Terence
  2944 | D:3      | Found a faded altar of an unknown god.
  2944 | D:3      | Found a faded altar of an unknown god.
  2949 | D:3      | Found a basalt altar of Yredelemnul.
  2951 | D:3      | Found a shadowy altar of Dithmenos.
  2953 | D:3      | Found a white marble altar of Elyvilon.
  3031 | D:4      | Noticed Blork the orc
  3032 | D:4      | Noticed Edmund
  3196 | D:4      | Killed Blork the orc
  3196 | D:4      | Reached XP level 7. HP: 48/48 MP: 7/7
  3201 | D:4      | Killed Edmund
  3328 | D:4      | Reached skill level 5 in Unarmed Combat
  3450 | D:4      | Noticed Pikel
  3468 | D:4      | Killed Pikel
  3468 | D:4      | Reached XP level 8. HP: 28/54 MP: 8/8
  3865 | D:4      | Reached skill level 5 in Shields
  3970 | D:4      | Reached skill level 6 in Unarmed Combat
  4119 | D:5      | Entered Level 5 of the Dungeon
  4146 | D:5      | Reached skill level 5 in Fighting
  4146 | D:5      | Reached skill level 5 in Dodging
  4146 | D:5      | Reached skill level 5 in Stealth
  4315 | D:5      | Found a bloodstained altar of Trog.
  4318 | D:5      | Found an iron altar of Okawaru.
  4319 | D:5      | Found a shattered altar of Ashenzari.
  4493 | D:5      | Found a hide-covered altar of Uskayaw.
  5751 | D:7      | Reached XP level 9. HP: 50/61 MP: 9/9
  5757 | D:7      | Noticed a skeletal warrior
  6053 | D:7      | Reached skill level 7 in Unarmed Combat
  6211 | D:7      | Noticed a skeletal warrior
  6211 | D:7      | Noticed a skeletal warrior
  6212 | D:7      | Noticed a skeletal warrior
  6216 | D:7      | Noticed a skeletal warrior
  6562 | D:7      | Found a shimmering altar of Xom.
  6618 | D:7      | Found a staircase to the Ecumenical Temple.
  6658 | Temple   | Entered the Ecumenical Temple
  6676 | Temple   | Became a worshipper of Gozag Ym Sagoz the Greedy
  7211 | D:7      | Found a glowing golden altar of the Shining One.
  7674 | D:8      | Noticed a two-headed ogre
  7698 | D:7      | Mangled by a two-headed ogre

Skill      XL: |  1  2  3  4  5  6  7  8  9 |
---------------+----------------------------+-----
Unarmed Combat | 3 4 5 6 7 |  7.7
Stealth        | 2 3 4 5 6 |  6.9
Fighting       | 4 5 |  5.9
Shields        | 4 5 6 |  6.0
Dodging        | 4 5 |  5.9

Action                   |  1- 3 |  4- 6 |  7- 9 || total
-------------------------+-------+-------+-------++-------
Melee: Unarmed           |    75 |    78 |   223 ||   376
       Constrict         |    24 |    16 |    44 ||    84
       Tentacles         |    14 |    15 |    61 ||    90
       Punch             |       |       |    14 ||    14
  Use: Scroll            |       |       |    11 ||    11
       Potion            |       |       |     1 ||     1
 Stab: Sleeping          |     7 |     9 |     9 ||    25
       Distracted        |       |     1 |     6 ||     7
  Eat: Chunk             |     2 |     5 |     9 ||    16
       Ration            |       |       |     2 ||     2
Armor: Skin              |     6 |     6 |     7 ||    19
Dodge: Dodged            |    20 |    34 |    58 ||   112
Block: Shield            |    28 |    25 |   112 ||   165
       Reflection        |       |       |     3 ||     3
